 Dungeon Crawl Stone Soup version 0.31-a0-180-g519b7de00c (webtiles) character file.

Game seed: 15502209099335714876

132 Moral the Grave Robber (level 5, 0/42 HPs)
             Began as a Naga Necromancer on June 19, 2023.
             Slain by an ogre
             ... wielding a +0 giant club
              (25 damage)
             ... on level 4 of the Dungeon.
             The game lasted 00:07:49 (3278 turns).

Moral the Grave Robber (Naga Necromancer)           Turns: 3278, Time: 00:07:50

Health: 0/42       AC:  2    Str: 10    XL:     5   Next: 15%
Magic:  4/9        EV: 10    Int: 17    God:
Gold:   181        SH:  0    Dex: 12    Spells: 5/10 levels left

rFire   . . .        h - +1 dagger
rCold   . . .        (no shield)
rNeg    . . .        a - +0 robe
rPois   +            (no helmet)
rElec   .            (no cloak)
rCorr   .            (no gloves)
SInv    +            (no barding)
Will    .....        n - amulet of magic regeneration
Stlth   ++           (no ring)
HPRegen 0.27/turn    (no ring)
MPRegen 0.51/turn

%: no passive effects
@: animating dead, very slow
A: AC +1, large, see invisible, deformed body, poison resistance, slowness 2,
spit poison 1, naga tail 1
a: Spit Poison


You were on level 4 of the Dungeon.
You visited 1 branch of the dungeon, and saw 4 of its levels.

You collected 181 gold pieces.

Inventory:

Hand Weapons
 h - a +1 dagger (weapon)
Armour
 a - a +0 robe (worn)
Jewellery
 k - an amulet of faith
 n - an amulet of magic regeneration (around neck)
Scrolls
 f - a scroll of noise {unknown}
Potions
 b - a potion of magic
 c - 2 potions of lignification {unknown}
 d - a potion of degeneration {unknown}
 e - a potion of curing {unknown}
 i - 3 potions of attraction {unknown}
 p - 2 potions of mutation {unknown}


   Skills:
 + Level 2.2 Dodging
 + Level 4.2 Stealth
 * Level 3.1 Spellcasting
 * Level 4.9 Necromancy


You had 5 spell levels left.
You knew the following spells:

 Your Spells              Type           Power      Damage    Failure   Level
a - Necrotise             Necr           76%        1d7       2%          1
b - Animate Dead          Necr           19%        N/A       22%         4

Your spell library contained the following spells:

 Spells                   Type           Power      Damage    Failure   Level
 Vampiric Draining        Necr           19%        2d7       7%          3
 Agony                    Necr           19%        N/A       54%         5


Dungeon Overview and Level Annotations

Branches:
Dungeon (4/15)
 Temple: D:4-7

Altars:

Shops:
D:1 !   D:3 :


Innate Abilities, Weirdness & Mutations

Your serpentine skin is tough. (AC +1)
You have supernaturally acute eyesight. (SInv)
Armour fits poorly on your strangely shaped body.
Your system is resistant to poisons. (rPois)
You cover ground very slowly.
You can spit poison.
You have a snake-like lower body.


Message History

The dart slug briefly extends its eye-stalks.
You miscast Necrotise.
You are very lightly contaminated with residual magic.
Nothing appears to happen.
The dart slug writhes in agony.
You kill the dart slug!
You can't see any susceptible monsters within range! (Use Z to cast anyway.)
You can't see any susceptible monsters within range! (Use Z to cast anyway.)
You can't see any susceptible monsters within range! (Use Z to cast anyway.) Magic restored.
Your magical contamination has completely faded away.
You now have 181 gold pieces (gained 16).
An ogre comes into view. It is wielding a +0 giant club.
Found 7 gold pieces.
Okay, then.
This spell is quite dangerous to cast!
Memorise Animate Dead, consuming 4 spell levels and leaving 5?
You start memorising the spell.
You continue memorising. x4
You finish memorising.
Spell assigned to 'b'.
Casting: Necrotise (safe; 2% risk of failure)
Confirm with . or Enter, or press ? or * to list all spells.
The spell is quite dangerous to miscast (22% risk of failure)!
Continue anyway?
You call upon the dead to rise.
Aiming: Spit Poison (1% risk of failure)
Press: ? - help, Shift-Dir - straight line, f - ogre
Aim: an ogre, wielding a +0 giant club (asleep, 100% to hit)
The splash of poison hits the ogre!
The ogre is moderately wounded.
The ogre shouts!
The ogre writhes in agony.
The ogre barely resists.
The ogre writhes in agony.
The ogre hits you with a +0 giant club!
The ogre writhes in agony.
You have got your breath back.
The ogre hits you with a +0 giant club.
The ogre barely resists.
The ogre writhes in agony.
The ogre hits you with a +0 giant club!!
Ouch! That really hurt!
You die...

#+########
.........#########
...........+.O....$.
...........#@#
.............######
....###.............
#.........#.######.
.#.#...###.#.#
........##.#.#####
.#+#.#..............
.....#....##.#.#####
......#....##.#.###


You could see an ogre.

Vanquished Creatures
  Robin (D:3)
  5 adders
  2 worms (D:2)
  2 dart slugs
  6 endoplasms
  2 giant cockroaches
  15 goblins
  5 hobgoblins
  4 jackals (D:1)
  2 quokkas
  4 ball pythons
  3 bats
  A frilled lizard (D:3)
  3 kobolds
  4 rats
59 creatures vanquished.

Vanquished Creatures (collateral kills)
  A goblin (D:3)
  A hobgoblin (D:3)
  A frilled lizard (D:3)
  A rat (D:3)
4 creatures vanquished.

Grand Total: 63 creatures vanquished

Notes
Turn   | Place    | Note
-------+----------+-------------------------------------------
     0 | D:1      | Moral the Naga Necromancer began the quest for the Orb.
     0 | D:1      | Reached XP level 1. HP: 15/15 MP: 3/3
   430 | D:1      | Reached XP level 2. HP: 22/22 MP: 1/5
   720 | D:1      | Found Juwadgh's Distillery.
  1240 | D:1      | Reached XP level 3. HP: 28/28 MP: 4/6
  1950 | D:2      | Reached XP level 4. HP: 33/36 MP: 2/8
  2476 | D:3      | Noticed Robin
  2557 | D:3      | Found Susum's Book Boutique.
  2695 | D:3      | Killed Robin
  3013 | D:3      | Reached XP level 5. HP: 42/42 MP: 7/9
  3263 | D:4      | Noticed an ogre
  3270 | D:4      | Learned a level 4 spell: Animate Dead
  3278 | D:4      | Slain by an ogre

Illustrated notes

Levels and vault maps discovered:
D:1:      roderic_crossed_star, layout_loops_corners, serial_shops,
          nicolae_shop_advertising_works [nicolae_subvault_shop_adworks],
          minmay_pentomino_p2
D:2:      minmay_wonky_spiral, layout_loops_ring
D:3:      layout_basic, serial_shops, nicolae_shop_hallway_stairs, uniq_robin
D:4:      nicolae_BIG_FREAKIN_CUBE, layout_basic, lemuel_round_altar,
          kennysheep_little_box, grunt_gozag_statues,
          mainiacjoe_overflow_boulevard

Skill      XL: |  1  2  3  4 |
---------------+-------------+-----
Dodging        | 2 |  2.2
Spellcasting   | 3 |  3.1
Stealth        | 4 |  4.2
Necromancy     | |  4.9

Action                     |  1- 3 |  4- 6 || total
---------------------------+-------+-------++-------
  Melee: Unarmed           |     4 |       ||     4
         Dagger            |    17 |       ||    17
   Cast: Necrotise         |    70 |    70 ||   140
         Animate Dead      |       |     1 ||     1
Ability: Spit Poison       |     1 |     1 ||     2
    Use: Scroll            |       |     9 ||     9
 Armour: Robe              |     2 |     2 ||     4
  Dodge: Dodged            |    18 |    10 ||    28

Table legend: (Time is in decaauts)
 A = Elapsed time spent in this place.
 B = Non-inter-level travel time spent in this place.
 C = Inter-level travel time spent in this place.
 D = Time resting spent in this place.
 E = Time spent auto-exploring this place.
 F = Levels seen in this place.
 G = Mean time per level.
                   A        B        C        D        E       F      G
               +--------+--------+--------+--------+--------+-----+--------+
         Total |   4062 |   3922 |    140 |    156 |   3344 |   4 | 1015.5 |
       Dungeon |   4062 |   3922 |    140 |    156 |   3344 |   4 | 1015.5 |
               +--------+--------+--------+--------+--------+-----+--------+

Top non-repeatable levels by time:
     D:1: 1714 daAuts
     D:2: 1497 daAuts
     D:3: 778 daAuts
     D:4: 71 daAuts
